[Event "Titled Tuesday Blitz August 16 Early 2022"]
[White "Vlassov, Nikolai"]
[Black "Harsh Suresh"]
[WhiteFideId "4103360"]
[BlackFideId "45018464"]
[WhiteElo "2324"]
[BlackElo "2070"]
[Result "1/2-1/2"]
[Round "06"]
[TimeControl "180+1"]
[Date "2022.08.16"]
[WhiteClock "0:00:24"]
[BlackClock "0:00:07"]

1. e4 c6 2. d4 d5 3. e5 Bf5 4. Nc3 e6 5. g4 Bg6 6. Nge2 c5 7. Be3 Nc6 8. dxc5 Nxe5 9. Nf4 Qa5 10. Qe2 O-O-O 11. O-O-O Nc6 12. Qb5 Qxb5 13. Bxb5 Nge7 14. h4 h6 15. Nxg6 Nxg6 16. f4 d4 17. Bxc6 bxc6 18. Rxd4 Rxd4 19. Bxd4 h5 20. f5 Nf4 21. Rf1 Nd5 22. fxe6 fxe6 23. gxh5 Be7 24. Nxd5 exd5 25. Bxg7 Rxh5 26. Rf7 Bxc5 27. Bf6 Rf5 28. c3 d4 29. cxd4 Bxd4 30. Rf8+ Kb7 31. Be7 Re5 32. Rf7 Kb6 33. b3 Re2 34. a4 a5 35. h5 Rh2 36. Rf5 Rh3 37. Kc2 Rc3+ 38. Kd2 Rxb3 39. Bd8+ Kb7 40. Rxa5 Bc3+ 41. Kc2 Bxa5 42. Kxb3 Bxd8 43. Kc4 Kb6 44. h6 Bf6 45. h7 Bh8 46. a5+ Kxa5 47. Kc5 Ka4 48. Kxc6 Kb3 49. Kd5 Kc3 50. Ke6 Kc4 51. Kf7 Kd5 52. Kg8 Ke6 53. Kxh8 Kf7 1/2-1/2


[Site "https://www.chess.com"]

[Event "Titled Tuesday Blitz August 16 Early 2022"]
[White "Vrbljanac, Aleksandar"]
[Black "Silva, Kevin Ranidu"]
[WhiteFideId "932817"]
[BlackFideId "9935258"]
[WhiteElo "2280"]
[BlackElo "1765"]
[Result "1-0"]
[Round "06"]
[TimeControl "180+2"]
[Date "2022.08.18"]
[WhiteClock "0:00:00"]
[BlackClock "0:00:00"]

1. e4 e5 2. Nf3 Nc6 3. Bc4 Nf6 4. d3 Be7 5. O-O O-O 6. a4 d5 7. exd5 Nxd5 8. Re1 Bg4 9. h3 Bh5 10. a5 a6 11. Nbd2 Bg6 12. Nxe5 Nxe5 13. Rxe5 c6 14. Qf3 Bd6 15. Re1 Nb4 16. Bb3 Qd7 17. Ne4 Rfe8 18. Bd2 Nd5 19. Re2 Nc7 20. Rae1 Ne6 21. Bc3 Kh8 22. Nf6 Qc7 23. Nxe8 Rxe8 24. Bxe6 fxe6 25. Rxe6 Rf8 26. Qe3 c5 27. g3 c4 28. Be5 Bxe5 29. Qxe5 Qf7 30. Qf4 Qxf4 31. gxf4 cxd3 32. cxd3 Kg8 33. d4 Rxf4 34. Re8+ Bxe8 35. Rxe8+ Kf7 36. Rd8 Ke7 37. Rd5 Rf3 38. Re5+ Kd6 39. Re3 Rxe3 40. fxe3 Kd5 41. Kf2 g5 42. Kf3 h6 43. b3 Kc6 44. Ke4 b6 45. axb6 Kxb6 46. d5 Kc7 47. Ke5 Kd7 48. e4 Ke7 49. Kf5 Kd6 50. Kf6 1-0


[Site "https://www.chess.com"]

[Event "Titled Tuesday Blitz August 16 Early 2022"]
[White "Vysochin, Spartak"]
[Black "Jiganchine, Roman"]
[WhiteFideId "14103516"]
[BlackFideId "2603667"]
[WhiteElo "2512"]
[BlackElo "2205"]
[Result "1/2-1/2"]
[Round "06"]
[TimeControl "180+2"]
[Date "2022.08.18"]
[WhiteClock "0:00:00"]
[BlackClock "0:00:00"]

1. d4 d5 2. Nf3 Nf6 3. Bf4 e6 4. e3 c5 5. c4 Nc6 6. dxc5 Bxc5 7. Nc3 d4 8. exd4 Nxd4 9. Nxd4 Bxd4 10. Qc2 O-O 11. Bd3 e5 12. Bg5 h6 13. Bh4 g5 14. Bg3 e4 15. Nxe4 Qa5+ 16. Nd2 Re8+ 17. Kd1 Bg4+ 18. f3 Rad8 19. Nb3 Qb4 20. Nxd4 Rxd4 21. Bf2 Rxd3+ 22. Qxd3 Qxb2 23. Bd4 Qxg2 24. Rg1 Bxf3+ 25. Kc1 Qh3 26. Bxf6 Re6 27. Qd8+ Kh7 28. Qh8+ Kg6 29. Qg7+ Kf5 30. Qxf7 Rxf6 31. Qd7+ Re6 32. Qd3+ Re4 33. Qd5+ Re5 34. Qd3+ Re4 35. Qd5+ Re5 36. Qf7+ Ke4 37. Qd5+ Kf5 1/2-1/2


[Site "https://www.chess.com"]

[Event "Titled Tuesday Blitz August 16 Early 2022"]
[White "Weetik, Vjacheslav"]
[Black "Ronka, Erik"]
[WhiteFideId "4153472"]
[BlackFideId "505080"]
[WhiteElo "2469"]
[BlackElo "2264"]
[Result "1/2-1/2"]
[Round "06"]
[TimeControl "180+2"]
[Date "2022.08.18"]
[WhiteClock "0:00:00"]
[BlackClock "0:00:00"]

1. d4 d6 2. e4 e5 3. Nf3 exd4 4. Nxd4 Nf6 5. Nc3 Be7 6. g3 O-O 7. Bg2 Re8 8. O-O a5 9. h3 Bf8 10. b3 Nbd7 11. Bb2 Nc5 12. Re1 c6 13. Qd2 a4 14. Rad1 axb3 15. axb3 Qc7 16. g4 h6 17. Nf5 Bxf5 18. gxf5 Rad8 19. Kh1 d5 20. exd5 cxd5 21. Rxe8 Rxe8 22. Nxd5 Nxd5 23. Bxd5 Ne4 24. Qd4 Qxc2 25. Bxf7+ Kh8 26. Rf1 Re7 27. Bg6 Qc6 28. Qc4 Ng3+ 29. Kh2 Qxc4 30. bxc4 Nxf1+ 31. Kg1 Nd2 32. f6 Re6 33. Bf7 Re1+ 34. Kg2 Nxc4 35. Bxc4 b5 36. Bxb5 Rb1 37. fxg7+ Bxg7 38. Bxg7+ Kxg7 39. Bd3 Rb2 40. Bf5 Kf6 41. Bc8 Kg5 42. Kg3 Rb3+ 43. f3 h5 44. h4+ Kf6 45. Ba6 Rb4 46. Bd3 Rb3 47. Be4 Rc3 48. Bb1 Ke5 49. Bg6 Rc6 50. Bxh5 Rh6 51. Bg4 Kf6 52. h5 Rh8 53. Kf4 Rf8 54. Ke4 Re8+ 55. Kf4 Rf8 56. Ke4 Kg5 57. Ke5 Re8+ 58. Kd6 Kh6 59. Kd7 Rf8 60. Ke6 Rxf3 61. Bxf3 Kh7 62. Kf5 Kh8 63. Kg6 Kg8 64. h6 Kh8 65. Bd1 Kg8 66. h7+ Kh8 67. Kh6 1/2-1/2


[Site "https://www.chess.com"]

[Event "Titled Tuesday Blitz August 16 Early 2022"]
[White "Yurovskykh, Oleksandr"]
[Black "Prydun, Andriy"]
[WhiteFideId "14134020"]
[BlackFideId "14145898"]
[WhiteElo "2292"]
[BlackElo "2163"]
[Result "1-0"]
[Round "06"]
[TimeControl "180+2"]
[Date "2022.08.18"]
[WhiteClock "0:00:00"]
[BlackClock "0:00:00"]

1. d4 c6 2. c3 g6 3. g3 Bg7 4. Bg2 h5 5. h4 d6 6. Nf3 Bg4 7. O-O Nd7 8. Nbd2 Qc7 9. Nh2 Be6 10. e4 d5 11. exd5 Bxd5 12. Bxd5 cxd5 13. Ndf3 Ngf6 14. Bf4 Qb6 15. Qb3 e6 16. Rfe1 Rc8 17. Nf1 Ne4 18. N1d2 Nxd2 19. Nxd2 O-O 20. Re2 Qc6 21. Nf3 b5 22. Ne1 Qc4 23. Rd2 a5 24. Nd3 a4 25. Qd1 a3 26. bxa3 Qxc3 27. Rb1 Qxd4 28. Rxb5 Ra8 29. Bd6 Rfc8 30. Nc5 Rxc5 31. Rxd4 Rxb5 32. Rb4 Rba5 33. a4 Ne5 34. Bxe5 Bxe5 35. Qb3 Kg7 36. Kg2 Bf6 37. Rf4 Be5 38. Rb4 Bd6 39. Rb7 Rxa4 40. Qf3 Rf8 41. Qe2 Re4 42. Qb5 Be5 43. a4 Bd4 44. a5 Re5 45. a6 Rf5 46. f4 e5 47. Qxd5 exf4 48. Qxd4+ 1-0


[Site "https://www.chess.com"]

[Event "Titled Tuesday Blitz August 16 Early 2022"]
[White "Zemlyanskii, Ivan"]
[Black "Golubev, Mikhail"]
[WhiteFideId "24249971"]
[BlackFideId "14100983"]
[WhiteElo "2257"]
[BlackElo "2461"]
[Result "1-0"]
[Round "06"]
[TimeControl "180+2"]
[Date "2022.08.18"]
[WhiteClock "0:00:00"]
[BlackClock "0:00:00"]

1. d4 Nf6 2. c4 g6 3. Nc3 Bg7 4. e4 d6 5. Nf3 O-O 6. Be2 e5 7. O-O Nc6 8. Be3 Re8 9. dxe5 dxe5 10. h3 Be6 11. Re1 Qc8 12. Bf1 a6 13. Qc2 h6 14. Rad1 Nh5 15. Nd5 g5 16. b4 g4 17. hxg4 Bxg4 18. Be2 Nf4 19. Nxf4 exf4 20. Bxf4 Qe6 21. Bxc7 Rac8 22. Bg3 Bxf3 23. Bxf3 Nd4 24. Qd3 Rxc4 25. Rc1 Rxb4 26. Bh5 Qxa2 27. Rc7 Rf8 28. Bd6 Rb3 29. Qd1 Rb2 30. Bxf8 Kxf8 31. Rxf7+ Qxf7 32. Bxf7 Kxf7 33. e5 Ne6 1-0


[Site "https://www.chess.com"]

[Event "Titled Tuesday Blitz August 16 Early 2022"]
[White "Zenin, Dmitry"]
[Black "Al-Tarboush, Ward"]
[WhiteFideId "4127897"]
[BlackFideId "7601450"]
[WhiteElo "2163"]
[BlackElo "2214"]
[Result "1-0"]
[Round "06"]
[TimeControl "180+2"]
[Date "2022.08.18"]
[WhiteClock "0:00:00"]
[BlackClock "0:00:00"]

1. c4 c5 2. Nc3 Nc6 3. g3 g6 4. Bg2 Bg7 5. e4 e6 6. Nge2 Nge7 7. O-O O-O 8. d3 a6 9. Be3 Nd4 10. Qd2 Rb8 11. Bh6 Nec6 12. Bxg7 Kxg7 13. f4 f5 14. e5 b5 15. b3 Bb7 16. Nxd4 Nxd4 17. Bxb7 Rxb7 18. Ne2 Qb6 19. Nxd4 cxd4 20. Rac1 b4 21. c5 Qc6 22. Rc4 a5 23. Rfc1 Qd5 24. Qf2 Rc8 25. Qxd4 Qxd4+ 26. Rxd4 Rbc7 27. Rd6 Kf7 28. d4 Ke7 29. Ra6 Rb7 30. Rxa5 Rcb8 31. Kf2 Kd8 32. Ke3 Kc7 33. Ra6 h6 34. h4 Rb5 35. Kd3 Rg8 36. Kc4 Rbb8 37. Rh1 Ra8 38. Rxa8 Rxa8 39. Rh2 Rb8 40. d5 Rb7 41. h5 gxh5 42. Rxh5 Ra7 43. Rxh6 Rxa2 44. Rh7 Rc2+ 45. Kxb4 exd5 46. Kb5 Re2 47. c6 Rc2 48. Rxd7+ Kc8 49. Rxd5 Rc3 50. b4 Rxg3 51. e6 Re3 52. Rxf5 Rxe6 53. Kb6 Re8 54. b5 Rh8 55. Rf7 1-0


[Site "https://www.chess.com"]

[Event "Titled Tuesday Blitz August 16 Early 2022"]
[White "Zhigalko, Sergei"]
[Black "Gubajdullin, Alexei"]
[WhiteFideId "13502956"]
[BlackFideId "4141202"]
[WhiteElo "2662"]
[BlackElo "2214"]
[Result "1-0"]
[Round "06"]
[TimeControl "180+1"]
[Date "2022.08.16"]
[WhiteClock "0:00:05"]
[BlackClock "0:00:01"]

1. e4 c6 2. d4 d5 3. e5 Bf5 4. Nf3 e6 5. Be2 Nd7 6. O-O Ne7 7. Nbd2 h6 8. Nb3 Bh7 9. a4 Ng6 10. a5 a6 11. c4 dxc4 12. Bxc4 Be7 13. Bd3 O-O 14. Qc2 Re8 15. Be3 Ngf8 16. Rfd1 Bxd3 17. Rxd3 Ng6 18. Nfd2 Ndf8 19. Nc4 Rb8 20. g3 Qc7 21. Bd2 Red8 22. Re1 Rd5 23. h4 Nd7 24. Ne3 Rb5 25. Ng4 Rc8 26. Rf3 Bf8 27. h5 Ne7 28. Nc5 Nf5 29. Rxf5 exf5 30. Qxf5 Nxc5 31. dxc5 Rxc5 32. Bxh6 Re8 33. Bf4 Qc8 34. Qg5 Qe6 35. b4 Rb5 36. Re4 Kh7 37. h6 Qg6 38. hxg7 Bxg7 39. Qh4+ Kg8 40. Rd4 Rd5 41. Rxd5 cxd5 42. Bh6 Rc8 43. Bxg7 Kxg7 44. Nf6 Qb1+ 45. Kg2 Qg6 46. Qh3 Rc4 47. Nh5+ Kf8 48. Nf6 Kg7 49. Ne8+ Kf8 50. Nd6 Rc7 51. Qh8+ Qg8 52. Qh4 Kg7 53. Qg5+ Kh8 54. Qh4+ Qh7 55. Qd8+ Kg7 56. Qxc7 Qd3 57. Qxf7+ Kh6 58. Qf6+ Kh7 59. Qf7+ Kh6 60. e6 1-0


[Site "https://www.chess.com"]

[Event "Titled Tuesday Blitz August 16 Early 2022"]
[White "Zhurbinsky, David"]
[Black "Zherebtsova, Alexandra"]
[WhiteFideId "2072904"]
[BlackFideId "24129518"]
[WhiteElo "1996"]
[BlackElo "2025"]
[Result "0-1"]
[Round "06"]
[TimeControl "180+2"]
[Date "2022.08.18"]
[WhiteClock "0:00:00"]
[BlackClock "0:00:00"]

1. e4 e5 2. Nf3 Nc6 3. Bb5 a6 4. Ba4 Nf6 5. O-O Be7 6. Re1 b5 7. Bb3 d6 8. c3 O-O 9. h3 Bb7 10. d4 Re8 11. Ng5 Rf8 12. Nd2 exd4 13. Nf1 dxc3 14. Ng3 h6 15. Nf3 Re8 16. Nf5 Bf8 17. bxc3 Na5 18. Bc2 Bxe4 19. Bxe4 Nxe4 20. Qd4 c5 21. Qd3 d5 22. Bf4 Nc4 23. g4 Ra7 24. h4 Qd7 25. Kg2 g6 26. Ng3 Qxg4 27. Qxd5 Qxf4 28. Nxe4 Raa8 29. Rad1 Rad8 30. Qxd8 Rxd8 31. Rxd8 Qg4+ 32. Ng3 Kg7 33. Ree8 Bd6 34. Rg8+ Kf6 35. h5 Bxg3 36. fxg3 Qe4 37. Rge8 Qc6 38. hxg6 Kxg6 39. Kf2 b4 40. cxb4 cxb4 41. g4 a5 42. Kg3 a4 43. Nh4+ Kf6 44. Nf5 b3 45. axb3 axb3 46. Rh8 Ke5 47. Rhe8+ Kf6 48. Rh8 Ke5 49. Rxh6 Qc7 50. Rd1 b2 51. Rh2 Qb8 52. Re2+ Kf6+ 53. Kh4 b1=Q 54. g5+ Kg6 55. Ne7+ Kg7 56. Rxb1 Qxb1 57. Rf2 Qd3 58. Nf5+ Kg6 59. Ne7+ Kg7 60. Nf5+ Kf8 61. Kg4 Qe4+ 62. Rf4 Ne5+ 63. Kg3 Qd3+ 64. Kh4 Ng6+ 65. Kg4 Nxf4 66. Nh6 Kg7 67. Nf5+ Kf8 68. Nh6 Qd5 69. Kxf4 f6 70. gxf6 Qd2+ 71. Kf5 Qxh6 72. Ke6 Ke8 73. Kf5 Kf8 74. Ke6 Qh7 75. Kd6 Qf7 76. Ke5 Qg6 77. Ke6 Qh6 78. Ke5 Kf7 79. Kd6 Qxf6+ 80. Kd5 Qe6+ 81. Kd4 Kf6 82. Kc5 Qd7 83. Kc4 Qf5 84. Kd4 Ke6 85. Kc4 Qd5+ 86. Kb4 Kd6 87. Kc3 Qe4 88. Kb3 Kc5 89. Kc3 Qe3+ 90. Kb2 Kb4 91. Ka2 Qb3+ 92. Ka1 Qf3 93. Kb1 Qg2 94. Kc1 Kc3 95. Kd1 Qd2# 0-1


[Site "https://www.chess.com"]

[Event "Titled Tuesday Blitz August 16 Early 2022"]
[White "Zou, Chen"]
[Black "Baches Garcia, Guillermo"]
[WhiteFideId "8610959"]
[BlackFideId "2209764"]
[WhiteElo "2276"]
[BlackElo "2519"]
[Result "1-0"]
[Round "06"]
[TimeControl "180+1"]
[Date "2022.08.16"]
[WhiteClock "0:00:14"]
[BlackClock "0:00:06"]

1. e4 c5 2. Nf3 d6 3. d4 cxd4 4. Nxd4 Nf6 5. Nc3 Nc6 6. Bg5 e6 7. Qd2 h6 8. Be3 Ng4 9. Nxc6 bxc6 10. Bf4 e5 11. Bg3 Be7 12. Bc4 O-O 13. h3 Nf6 14. O-O Nh5 15. Bh2 Bg5 16. Qd3 Bf4 17. Rad1 Qg5 18. Bxf4 Nxf4 19. Qg3 Qf6 20. Rd2 Bb7 21. Rfd1 Rad8 22. Kh2 Rd7 23. Qf3 Qe7 24. g3 Ne6 25. Qe3 Nd4 26. Ne2 d5 27. Nxd4 exd4 28. Rxd4 c5 29. R4d2 d4 30. Qf4 Qxe4 31. Qxe4 Bxe4 32. Re1 Bb7 33. Re5 Rc8 34. g4 g6 35. Kg3 Kg7 36. Rde2 Rcc7 37. h4 Rd6 38. g5 hxg5 39. hxg5 Rd8 40. Re7 Rdd7 41. Re8 Rd6 42. R8e5 Rdd7 43. Re8 Rd6 44. Rb8 Rdd7 45. Ree8 1-0


[Site "https://www.chess.com"]

[Event "Titled Tuesday Blitz August 16 Early 2022"]
[White "Ansh M Shah"]
[Black "Sovetbekova, Nurai"]
[WhiteFideId "25033379"]
[BlackFideId "13801910"]
[WhiteElo "1819"]
[BlackElo "1646"]
[Result "0-1"]
[Round "07"]
[TimeControl "180+2"]
[Date "2022.08.18"]
[WhiteClock "0:00:00"]
[BlackClock "0:00:00"]

1. d4 Nf6 2. c4 g6 3. h4 Bg7 4. Nc3 d5 5. h5 c5 6. h6 Bf8 7. cxd5 Nxd5 8. e4 Nxc3 9. bxc3 Nc6 10. Nf3 Bg4 11. Bb5 cxd4 12. Bxc6+ bxc6 13. cxd4 Bxf3 14. gxf3 e6 15. Kf1 Be7 16. Qc2 Qd7 17. Bb2 Bf6 18. Rd1 O-O 19. d5 Qe7 20. dxc6 Rfd8 21. Ke2 e5 22. Rxd8+ Rxd8 23. c7 Rc8 24. Rc1 Bg5 25. Qc5 Qe6 26. Rc2 Bxh6 27. Bxe5 Bf8 28. Qd5 Qa6+ 29. Qc4 Qa5 30. Bc3 Qxc7 31. Qd4 Qc4+ 32. Qxc4 Rxc4 33. Kd3 Rc7 34. Rb2 Rxc3+ 35. Kxc3 Bg7+ 36. Kc2 Bxb2 37. Kxb2 h5 0-1


[Site "https://www.chess.com"]

[Event "Titled Tuesday Blitz August 16 Early 2022"]
[White "Ardila, Oscar Humberto"]
[Black "Proudian, Armen"]
[WhiteFideId "4404742"]
[BlackFideId "2130734"]
[WhiteElo "1939"]
[BlackElo "2380"]
[Result "0-1"]
[Round "07"]
[TimeControl "180+2"]
[Date "2022.08.18"]
[WhiteClock "0:00:00"]
[BlackClock "0:00:00"]

1. d4 Nf6 2. c4 e6 3. Nc3 Bb4 4. Bd2 O-O 5. Nf3 d5 6. e3 Nbd7 7. Qc2 Re8 8. b3 dxc4 9. bxc4 c5 10. Bd3 b6 11. O-O cxd4 12. exd4 Bb7 13. Ne5 Rc8 14. Bg5 h6 15. Bh4 Qc7 16. Bg3 Nxe5 17. Bxe5 Qc6 18. f3 Ba6 19. Bxf6 gxf6 20. Ne4 Be7 21. Rac1 f5 22. Ng3 Ba3 23. Qd2 Bxc1 24. Rxc1 Kh7 25. Nh5 Red8 26. Qf4 Qd6 27. Bxf5+ exf5 28. Qxf5+ Qg6 29. Nf6+ Kh8 30. Qf4 Rxc4 31. Rxc4 Bxc4 32. Qe5 Qb1+ 33. Kf2 Qb2+ 34. Kg3 Qxd4 35. Qf5 Bd3 36. Ne4 Bxe4 37. fxe4 Qe3+ 38. Kh4 Qg5+ 0-1


[Site "https://www.chess.com"]

[Event "Titled Tuesday Blitz August 16 Early 2022"]
[White "Arslanov, Shamil"]
[Black "Zemlyanskii, Ivan"]
[WhiteFideId "4192826"]
[BlackFideId "24249971"]
[WhiteElo "2338"]
[BlackElo "1879"]
[Result "0-1"]
[Round "07"]
[TimeControl "180+1"]
[Date "2022.08.16"]
[WhiteClock "0:00:05"]
[BlackClock "0:00:37"]

1. e4 c5 2. Nc3 e6 3. f4 d5 4. Nf3 dxe4 5. Nxe4 Nc6 6. Bc4 Be7 7. Qe2 Nf6 8. d3 O-O 9. O-O b6 10. Kh1 Bb7 11. Bd2 Rc8 12. Rae1 Nd4 13. Nxd4 cxd4 14. Bb3 Bd5 15. c4 dxc3 16. bxc3 Qc7 17. f5 Bxe4 18. dxe4 e5 19. g4 Rfd8 20. g5 Nxe4 21. Qxe4 Rxd2 22. f6 Qxc3 23. fxe7 Qh3 24. Bxf7+ Kh8 25. Rf2 Rxf2 26. Kg1 Qxh2# 0-1


[Site "https://www.chess.com"]

[Event "Titled Tuesday Blitz August 16 Early 2022"]
[White "Avalos Parra, Joao"]
[Black "McBryde, Lamel"]
[WhiteFideId "3402541"]
[BlackFideId "2058596"]
[WhiteElo "2173"]
[BlackElo "2136"]
[Result "0-1"]
[Round "07"]
[TimeControl "180+2"]
[Date "2022.08.18"]
[WhiteClock "0:00:00"]
[BlackClock "0:00:00"]

1. d4 Nf6 2. Nc3 d6 3. e4 g6 4. f4 Bg7 5. Nf3 O-O 6. e5 dxe5 7. fxe5 Ng4 8. h3 Nh6 9. h4 Nf5 10. h5 Ng3 11. Rh2 gxh5 12. Bf4 Nxf1 13. Kxf1 Bg4 14. Qd2 f6 15. e6 Bxe6 16. Rxh5 Bf7 17. Rh2 Bg6 18. Nh4 e5 19. Nxg6 hxg6 20. dxe5 Qxd2 21. Bxd2 fxe5+ 22. Ke2 Nc6 23. Be3 Nd4+ 24. Bxd4 exd4 25. Ne4 Rae8 26. Kd3 b6 27. a4 c5 28. b3 Rf4 29. Re1 Re5 30. Rh3 a6 31. Rg3 b5 32. axb5 axb5 33. c4 dxc3 34. Rxg6 c4+ 35. bxc4 bxc4+ 0-1


[Site "https://www.chess.com"]

[Event "Titled Tuesday Blitz August 16 Early 2022"]
[White "Babazada, Khazar"]
[Black "Le, Tuan Minh"]
[WhiteFideId "13413554"]
[BlackFideId "12401153"]
[WhiteElo "2409"]
[BlackElo "2530"]
[Result "0-1"]
[Round "07"]
[TimeControl "180+1"]
[Date "2022.08.16"]
[WhiteClock "0:00:18"]
[BlackClock "0:00:09"]

1. e4 c5 2. Nf3 Nf6 3. e5 Nd5 4. Nc3 e6 5. Ne4 f5 6. Nc3 Ne7 7. h4 a6 8. g3 Nbc6 9. Qe2 Nd4 10. Nxd4 cxd4 11. Nd1 Qc7 12. Bg2 Nc6 13. f4 b5 14. a3 Bb7 15. O-O Bc5 16. d3 O-O 17. Re1 Rac8 18. Bd2 Ne7 19. Bxb7 Qxb7 20. Qg2 Nd5 21. Rc1 Rc7 22. Kh2 Rfc8 23. g4 fxg4 24. Qxg4 Bf8 25. c3 a5 26. Nf2 dxc3 27. bxc3 Nxc3 28. Rg1 Qd5 29. Rg2 b4 30. axb4 axb4 31. Bxc3 bxc3 32. Ne4 Qxd3 33. f5 Rc4 34. Re1 Rxe4 35. Rxe4 c2 36. fxe6 c1=Q 37. exd7 Rc2 0-1


[Site "https://www.chess.com"]

[Event "Titled Tuesday Blitz August 16 Early 2022"]
[White "Baches Garcia, Guillermo"]
[Black "Perez Gormaz, Matias"]
[WhiteFideId "2209764"]
[BlackFideId "3406342"]
[WhiteElo "2326"]
[BlackElo "2341"]
[Result "1-0"]
[Round "07"]
[TimeControl "180+2"]
[Date "2022.08.18"]
[WhiteClock "0:00:00"]
[BlackClock "0:00:00"]

1. e4 c5 2. Nf3 e6 3. c4 Nc6 4. d4 cxd4 5. Nxd4 Nf6 6. Nc3 Bb4 7. Nxc6 dxc6 8. Qxd8+ Kxd8 9. e5 Ne4 10. Bd2 Nxd2 11. Kxd2 f5 12. Be2 Bc5 13. f4 Ke7 14. Rad1 Bd7 15. Bf3 Rad8 16. Ke2 Bc8 17. Rxd8 Rxd8 18. Rd1 Rg8 19. Na4 Bb4 20. a3 Ba5 21. b4 Bc7 22. c5 g5 23. g3 Bd7 24. Nb2 b5 25. a4 g4 26. Bg2 bxa4 27. Ra1 a5 28. bxa5 Rb8 29. Nc4 Bc8 30. Nb6 Ba6+ 31. Kd2 Bb5 32. Bf1 Rd8+ 33. Kc3 Bxf1 34. Rxf1 h5 35. a6 Bb8 36. Ra1 Ba7 37. Rxa4 h4 38. Rd4 Rh8 39. Rd7+ 1-0


[Site "https://www.chess.com"]

[Event "Titled Tuesday Blitz August 16 Early 2022"]
[White "Barp, Alberto"]
[Black "D`Arruda, Ricardo D."]
[WhiteFideId "872555"]
[BlackFideId "100692"]
[WhiteElo "2229"]
[BlackElo "2271"]
[Result "1/2-1/2"]
[Round "07"]
[TimeControl "180+2"]
[Date "2022.08.18"]
[WhiteClock "0:00:00"]
[BlackClock "0:00:00"]

1. d4 Nf6 2. c4 e5 3. dxe5 Ne4 4. Nf3 Nc6 5. a3 d6 6. Qc2 d5 7. cxd5 Qxd5 8. Nc3 Nxc3 9. Qxc3 Bg4 10. Bf4 O-O-O 11. g3 Bc5 12. Rc1 Bb6 13. Bg2 Nd4 14. Be3 Bxf3 15. Bxf3 Nxf3+ 16. exf3 Qxf3 17. O-O Rd7 18. Rfe1 Rhd8 19. Bxb6 Qxc3 20. Rxc3 axb6 21. e6 Re7 22. Rce3 fxe6 23. Rxe6 Rxe6 24. Rxe6 Rd2 25. Re7 Rxb2 26. Rxg7 c5 27. a4 b5 28. axb5 Rxb5 29. f4 c4 30. Kf2 Rb2+ 31. Ke3 Rxh2 32. Kd4 h5 33. Kxc4 h4 34. g4 Rg2 35. g5 Rg4 36. Kd5 Rxf4 37. Ke5 Rg4 38. g6 b5 39. Kf5 Rg3 40. Rh7 h3 41. g7 b4 42. Rh8+ Kb7 43. g8=Q Rxg8 44. Rxg8 h2 45. Rh8 Kc6 46. Rxh2 Kd5 47. Rd2+ Kc4 48. Ke4 Kc3 49. Rd8 b3 50. Rc8+ Kd2 51. Rb8 Kc2 52. Ke3 b2 53. Rc8+ Kd1 54. Rd8+ Kc1 55. Rc8+ Kd1 56. Rb8 Kc2 57. Rxb2+ Kxb2 1/2-1/2


[Site "https://www.chess.com"]

[Event "Titled Tuesday Blitz August 16 Early 2022"]
[White "Bashirli, Saadat"]
[Black "Tapia Ostolaza, Alexei"]
[WhiteFideId "13429990"]
[BlackFideId "6600581"]
[WhiteElo "1173"]
[BlackElo "2104"]
[Result "0-1"]
[Round "07"]
[TimeControl "180+2"]
[Date "2022.08.18"]
[WhiteClock "0:00:00"]
[BlackClock "0:00:00"]

1. d4 Nf6 2. e3 e6 3. f4 b6 4. Nf3 Bb7 5. Bd3 c5 6. c3 g6 7. Nbd2 Bg7 8. O-O O-O 9. Qc2 Nc6 10. Ne5 Rc8 11. Ndf3 cxd4 12. exd4 Nb4 13. Qd1 Nxd3 14. Nxd3 d6 15. Be3 Nd5 16. Bd2 Ba6 17. Qe2 Re8 18. Rfe1 Qf6 19. g3 Rcd8 20. Nf2 Bxe2 21. Rxe2 h5 22. Rae1 Qf5 23. Nh4 Qc2 24. Bc1 Qa4 25. b3 Qa5 26. c4 Nc3 27. Rc2 Bxd4 28. Nf3 Bg7 29. Bd2 d5 30. cxd5 exd5 31. Rec1 Ne2+ 32. Kg2 Qa6 33. Re1 Nd4 34. Nxd4 Bxd4 35. Rc7 Rxe1 36. Bxe1 Bxf2 37. Bxf2 Qe2 38. a4 d4 39. a5 d3 40. axb6 axb6 41. Rc1 d2 42. Rg1 d1=Q 43. Rxd1 Rxd1 44. b4 Rd2 45. b5 Qxf2+ 46. Kh3 Qxh2# 0-1


[Site "https://www.chess.com"]

[Event "Titled Tuesday Blitz August 16 Early 2022"]
[White "Beerdsen, Thomas"]
[Black "Chigaev, Maksim"]
[WhiteFideId "1030108"]
[BlackFideId "4108116"]
[WhiteElo "2567"]
[BlackElo "2487"]
[Result "1-0"]
[Round "07"]
[TimeControl "180+1"]
[Date "2022.08.16"]
[WhiteClock "0:02:03"]
[BlackClock "0:00:48"]

1. e4 c5 2. Nf3 d6 3. d4 cxd4 4. Nxd4 Nf6 5. Nc3 a6 6. a3 Nc6 7. Bc4 e6 8. Ba2 Be7 9. h4 h5 10. Bg5 Ne5 11. Qe2 Qc7 12. O-O-O b5 13. f4 Neg4 14. Kb1 Bb7 15. Bxe6 fxe6 16. Nxe6 Qc4 17. Nxg7+ Kf7 18. Qxc4+ bxc4 19. Nf5 Rhe8 20. Rhe1 Nf2 21. Rxd6 Bxd6 22. Nxd6+ Kg6 23. Bxf6 Kxf6 24. Nxb7 Rg8 25. Nd5+ Kf7 26. Nd6+ Ke6 27. Nxc4 Rac8 28. f5+ 1-0


[Site "https://www.chess.com"]

[Event "Titled Tuesday Blitz August 16 Early 2022"]
[White "Bilych, Olexiy"]
[Black "Korelskiy, Egor"]
[WhiteFideId "14156504"]
[BlackFideId "34329064"]
[WhiteElo "2157"]
[BlackElo "2077"]
[Result "1-0"]
[Round "07"]
[TimeControl "180+2"]
[Date "2022.08.18"]
[WhiteClock "0:00:00"]
[BlackClock "0:00:00"]

1. d4 d5 2. c4 e6 3. Nf3 c6 4. Nc3 dxc4 5. e3 b5 6. a4 Bb4 7. Bd2 a5 8. axb5 Bxc3 9. Bxc3 cxb5 10. b3 Bb7 11. bxc4 b4 12. Bb2 Nf6 13. Be2 O-O 14. O-O Nbd7 15. c5 Qc7 16. Nd2 Bc6 17. Rb1 a4 18. Nc4 Rfb8 19. Ba1 a3 20. Bd3 Nd5 21. e4 N5f6 22. f3 h6 23. Re1 Nh5 24. Kh1 Nf4 25. Bc2 Ng6 26. Qd2 Qb7 27. Nd6 Qc7 28. Rxb4 Rxb4 29. Qxb4 Bb7 30. Qxb7 1-0


[Site "https://www.chess.com"]

[Event "Titled Tuesday Blitz August 16 Early 2022"]
[White "Bintang, Rasyid A. Hidayat"]
[Black "Yurovskykh, Oleksandr"]
[WhiteFideId "7105355"]
[BlackFideId "14134020"]
[WhiteElo "1820"]
[BlackElo "2292"]
[Result "1/2-1/2"]
[Round "07"]
[TimeControl "180+2"]
[Date "2022.08.18"]
[WhiteClock "0:00:00"]
[BlackClock "0:00:00"]

1. d4 d5 2. Bf4 c5 3. e3 Nc6 4. Nf3 Bg4 5. Nbd2 e6 6. Bb5 Qb6 7. c4 a6 8. Qa4 Bxf3 9. Nxf3 Rc8 10. Bxc6+ Qxc6 11. Qxc6+ bxc6 12. O-O Nf6 13. Rac1 cxd4 14. exd4 Be7 15. cxd5 Nxd5 16. Bg3 Bf6 17. Ne5 Bxe5 18. Bxe5 f6 19. Bg3 Kd7 20. b3 Ra8 21. Rc4 a5 22. Rfc1 Ra6 23. f3 Rha8 24. Ra4 Nb6 25. Ra3 a4 26. bxa4 Rxa4 27. Rb3 R4a6 28. Rcb1 Nd5 29. Rb7+ Ke8 30. Rxg7 Rxa2 31. Rxh7 Ra1 32. Rb7 Rxb1+ 33. Rxb1 Ra2 34. Rc1 Kd7 35. h4 Ne3 36. Bf2 Nf5 37. g4 Ne7 38. h5 Nd5 39. h6 Ra8 40. Be1 Rh8 41. Bd2 e5 42. dxe5 fxe5 43. Re1 Kd6 44. g5 Ne7 45. Kg2 Ng6 46. Kg3 Ke6 47. Kg4 Ra8 48. Kh5 Kf5 49. h7 Rh8 50. Kh6 Nf8 51. Kg7 Rxh7+ 52. Kxf8 c5 53. Bc3 Kxg5 54. Rxe5+ Kf4 55. Rxc5 Kxf3 56. Kg8 Rd7 57. Bg7 Rd3 58. Rf5+ Ke4 59. Rf8 Rd2 60. Re8+ Kd3 61. Rd8+ Ke2 62. Re8+ Kd3 63. Rf8 Ke4 64. Bh6 Re2 65. Rf4+ Kd3 66. Bg7 Re4 67. Rf8 Re3 68. Rd8+ Ke2 69. Ra8 Rd3 70. Ra2+ Rd2 71. Ra5 Rd3 72. Re5+ Kf3 73. Rg5 Re3 74. Rg6 Ke4 75. Rf6 Re2 76. Kf7 Re3 77. Re6+ Kd3 78. Rd6+ Ke4 79. Rd4+ Kf3 80. Rd6 Ke4 81. Rf6 Re2 82. Bh6 Ra2 83. Re6+ Kd5 84. Re7 Ra6 85. Bg7 Rc6 86. Bf6 Rd6 87. Re5+ Kc4 88. Be7 Rd4 89. Ke8 Kd3 90. Rc5 Re4 91. Rc7 Re6 92. Rd7+ Ke4 93. Kf7 Re5 94. Bf6 Rh5 95. Rd4+ Kf3 96. Kg6 Rh3 97. Rd3+ Kg4 98. Rd4+ Kf3 99. Kf5 Rg3 100. Bg5 Rh3 101. Rd3+ Kg2 102. Rd2+ Kf3 103. Bf4 Rh5+ 104. Bg5 Rh3 105. Rd3+ Kg2 1/2-1/2


[Site "https://www.chess.com"]